Map: Orbital Shipyard

Players

MorroW - Winner!

  • Race: Protoss Protoss
  • League: Master

relmer

  • Race: Protoss Protoss
  • League: Master

Event: DreamHack ZOWIE Open Leipzig

VOD

Have the link to the VOD?

Description

Time

  • Played on: Jan. 22, 2016, 7:32 a.m.
  • Length: 16:39

All games in this series

Show
View Real Time Build Order
Export as new Build Order

MorroW Protoss - Winner!

Build Orders: Nexus First 

Get SALT Encoding   

  12  0:00  Probe (Chrono Boost)  
  13  0:11  Probe (Chrono Boost)  
  14  0:18  Pylon  
  14  0:22  Probe (Chrono Boost)  
  15  0:36  Probe (Chrono Boost)  
  16  0:46  Probe (Chrono Boost)  
  17  0:56  Nexus  
  17  1:01  Probe (Chrono Boost)  
  18  1:12  Probe (Chrono Boost)  
  18  1:16  Gateway  
  19  1:20  Assimilator  
  19  1:22  Probe (Chrono Boost)  
  20  1:32  Assimilator  
  20  1:33  Probe (Chrono Boost)  
  21  1:43  Probe (Chrono Boost)  
  21  1:45  Pylon  
  22  1:49  Gateway  
  22  1:56  Probe (Chrono Boost)  
  23  2:03  Cybernetics Core  
  23  2:06  Probe (Chrono Boost)  
  24  2:10  Probe (Chrono Boost)  
  25  2:17  Probe (Chrono Boost)  
  25  2:21  Probe (Chrono Boost)  
  27  2:27  Probe (Chrono Boost)  
  28  2:31  Probe (Chrono Boost)  
  29  2:38  Probe (Chrono Boost)  
  29  2:40  Adept x2 (Chrono Boost)  
  29  2:42  Probe, Warp Gate  
  35  2:50  Mothership Core  
  37  2:54  Probe  
  38  3:04  Stalker x2 (Chrono Boost)  
  42  3:06  Probe  
  43  3:13  Probe  
  43  3:18  Probe  
  45  3:27  Probe, Pylon  
  45  3:28  Robotics Facility  
  45  3:30  Probe  
  46  3:39  Probe  
  46  3:42  Pylon  
  46  3:44  Assimilator  
  46  3:45  Probe  
  47  3:51  Probe (Chrono Boost)  
  48  3:57  Probe (Chrono Boost)  
  48  3:59  Stalker (Chrono Boost), Twilight Council  
  48  4:00  Stalker (Chrono Boost)  
  53  4:03  Probe (Chrono Boost)  
  53  4:08  Probe (Chrono Boost)  
  55  4:13  Probe (Chrono Boost)  
  55  4:16  Observer (Chrono Boost)  
  57  4:17  Assimilator  
  57  4:19  Probe (Chrono Boost)  
  57  4:20  Pylon, Blink  
  59  4:24  Probe (Chrono Boost)  
  59  4:29  Probe (Chrono Boost)  
  58  4:34  Probe (Chrono Boost)  
  57  4:40  Probe  
  58  4:46  Probe  
  58  4:52  Immortal (Chrono Boost)  
  63  4:53  Probe  
  63  4:58  Gateway, Probe  
  65  5:00  Gateway  
  65  5:02  Pylon  
  65  5:05  Sentry, Probe  
  65  5:06  Stalker  
  70  5:07  Pylon  
  70  5:18  Pylon  
  70  5:20  Pylon  
  70  5:21  Probe x2  
  72  5:26  Observer (Chrono Boost)  
  73  5:28  Stalker  
  73  5:29  Stalker  
  77  5:37  Nexus  
  77  5:40  Probe x2  
  79  5:44  Warp Prism (Chrono Boost)  
  81  5:52  Probe  
  81  5:53  Probe  
  83  5:59  Stalker x2  
  83  6:02  Pylon  
  83  6:03  Pylon  
  87  6:08  Stalker, Pylon  
  87  6:09  Stalker  
  91  6:14  Probe x2  
  97  6:26  Immortal (Chrono Boost)  
  97  6:31  Dark Shrine  
  98  6:34  Stalker x3  
  98  6:39  Probe x2  
  95  6:52  Probe x2  
  97  6:58  Probe  
  93  7:17  Probe x2  
  90  7:27  Probe  
  90  7:28  Adept x4  
  90  7:29  Probe x2  
  101  7:38  Probe  
  101  7:41  Probe x2  
  102  7:49  Probe, Immortal (Chrono Boost)  
  102  7:50  Forge  
  107  7:53  Probe  
  107  7:54  Probe  
  109  8:04  Stalker x2  
  109  8:05  Stalker x2, Probe  
  117  8:06  Probe x2  
  116  8:16  Probe  
  116  8:18  Probe  
  116  8:19  Probe  
  119  8:27  Observer (Chrono Boost)  
  119  8:30  Photon Cannon x2  
  119  8:32  Stalker x3, Photon Cannon  
  119  8:33  Stalker  
  124  8:39  Assimilator  
  124  8:40  Protoss Ground Weapons Level 1 (Chrono Boost), Assimilator  
  124  8:41  Pylon  
  124  8:45  Robotics Bay  
  124  8:50  Photon Cannon  
  124  8:58  Gateway x2  
  124  9:02  Probe  
  124  9:03  Probe x2  
  127  9:19  Stalker x3  
  127  9:20  Stalker  
  135  9:26  Pylon  
  135  9:28  Pylon  
  135  9:30  Disruptor, Pylon  
  135  9:31  Pylon  
  137  9:51  Robotics Facility  
  137  9:52  Stargate  
  137  9:56  Nexus  
  137  10:01  Disruptor  
  137  10:04  Probe  
  137  10:06  Probe x2  
  143  10:11  Pylon  
  143  10:19  Stalker  
  143  10:20  Stalker x4  
  153  10:25  Probe  
  153  10:26  Probe x2  
  149  10:35  Probe  
  149  10:37  Disruptor  
  149  10:42  Disruptor, Oracle  
  115  10:44  Probe x2  
  115  10:46  Probe  
  104  10:53  Photon Cannon  
  104  10:54  Photon Cannon  
  100  11:00  Stalker x3  
  106  11:08  Disruptor  
  106  11:16  Stalker x3  
  106  11:18  Disruptor  
  117  11:22  Probe x2  
  117  11:32  Stalker x3  
  115  11:36  Probe  
  115  11:37  Probe x2  
  114  11:48  Photon Cannon  
  110  11:55  Stalker x4  
  110  11:57  Probe  
  110  11:58  Probe  
  120  12:06  Probe  
  121  12:09  Probe  
  121  12:14  Protoss Ground Weapons Level 2 (Chrono Boost)  
  121  12:15  Disruptor  
  122  12:19  Disruptor  
  128  12:24  Probe x2  
  128  12:25  Probe x2, Pylon  
  131  12:37  Probe  
  131  12:41  Probe  
  131  12:43  Probe  
  134  12:44  Photon Cannon x2  
  134  12:46  Disruptor  
  137  12:55  Disruptor  
  137  12:57  Stalker x3  
  137  12:58  Stalker  
  135  13:13  Probe x2  
  135  13:14  Probe x2, Assimilator  
  135  13:15  Assimilator  
  135  13:17  Disruptor  
  139  13:20  Photon Cannon  
  139  13:27  Stalker x3  
  148  13:37  Probe  
  148  13:38  Probe x2  
  151  13:43  Photon Cannon  
  151  13:47  Stalker x3  
  157  14:01  Stalker x3  
  159  14:19  Disruptor  
  159  14:20  Stalker x3  
  159  14:24  Disruptor, Oracle  
  174  14:40  Nexus  
  174  14:42  Stalker  
  174  14:43  Stalker x2  
  179  14:46  Probe x2  
  179  14:51  Gateway  
  181  15:00  Stalker x3, Disruptor  
  181  15:05  Disruptor  
  181  15:06  Oracle  
  173  15:29  Stalker x6  
  173  15:31  Disruptor  
  168  15:41  Probe, Disruptor  
  168  15:42  Probe x2, Oracle  
  180  15:54  Pylon  
  180  15:55  Assimilator  
  180  16:00  Assimilator  
  180  16:01  Gateway  
  180  16:02  Disruptor  
  179  16:38  Stalker x4  
  179  16:39  Stalker x2  
Show
View Real Time Build Order
Export as new Build Order

relmer Protoss 

Build Orders: 1 Gate Expand, Blink Stalkers 

Get SALT Encoding   

  12  0:01  Probe (Chrono Boost)  
  13  0:11  Probe (Chrono Boost)  
  14  0:19  Pylon  
  14  0:22  Probe (Chrono Boost)  
  15  0:37  Probe (Chrono Boost)  
  15  0:40  Gateway  
  16  0:48  Probe (Chrono Boost)  
  17  0:58  Probe (Chrono Boost)  
  18  1:09  Probe (Chrono Boost)  
  19  1:15  Nexus  
  19  1:21  Probe (Chrono Boost)  
  19  1:24  Assimilator  
  20  1:28  Assimilator  
  20  1:32  Probe (Chrono Boost)  
  21  1:41  Cybernetics Core  
  21  1:44  Probe (Chrono Boost)  
  22  1:49  Assimilator  
  22  1:55  Probe (Chrono Boost)  
  23  2:05  Pylon  
  23  2:18  Warp Gate  
  23  2:23  Adept (Chrono Boost)  
  23  2:24  Probe (Chrono Boost)  
  23  2:29  Probe  
  27  2:37  Probe  
  27  2:40  Twilight Council  
  27  2:41  Probe (Chrono Boost)  
  29  2:44  Pylon  
  29  2:49  Probe (Chrono Boost)  
  30  2:54  Mothership Core (Chrono Boost)  
  32  3:00  Probe (Chrono Boost)  
  32  3:04  Stalker  
  35  3:11  Probe (Chrono Boost)  
  35  3:12  Probe (Chrono Boost)  
  37  3:21  Probe (Chrono Boost)  
  37  3:23  Probe (Chrono Boost)  
  39  3:27  Gateway  
  39  3:29  Pylon  
  39  3:32  Probe (Chrono Boost)  
  39  3:33  Probe (Chrono Boost)  
  39  3:41  Assimilator  
  39  3:42  Probe x2 (Chrono Boost)  
  39  3:45  Blink (Chrono Boost)  
  39  3:47  Assimilator  
  41  3:53  Gateway, Probe  
  41  3:54  Probe  
  43  4:02  Pylon  
  43  4:04  Probe  
  43  4:06  Probe  
  45  4:14  Probe  
  45  4:15  Robotics Facility  
  46  4:18  Probe  
  46  4:23  Stalker x2  
  51  4:25  Probe  
  52  4:33  Probe  
  52  4:35  Pylon  
  52  4:36  Gateway  
  53  4:41  Dark Shrine  
  53  4:42  Probe  
  55  4:45  Probe  
  55  4:53  Probe  
  56  5:00  Nexus  
  56  5:05  Pylon  
  56  5:10  Warp Prism (Chrono Boost)  
  56  5:12  Probe  
  59  5:19  Pylon  
  59  5:26  Gateway  
  59  5:27  Gateway  
  59  5:28  Sentry x2  
  59  5:33  Sentry, Pylon  
  64  5:36  Probe  
  64  5:41  Probe  
  65  5:44  Observer (Chrono Boost)  
  65  5:48  Stalker  
  65  5:49  Probe  
  70  5:53  Gateway  
  70  5:54  Pylon  
  70  5:55  Dark Templar  
  72  5:57  Dark Templar  
  72  5:58  Probe  
  72  6:04  Stalker  
  77  6:05  Probe  
  77  6:08  Probe  
  79  6:17  Stalker  
  81  6:19  Immortal (Chrono Boost)  
  85  6:27  Stalker x2, Probe  
  85  6:28  Probe  
  85  6:32  Probe  
  91  6:38  Probe  
  93  6:40  Robotics Bay  
  93  6:44  Probe  
  94  6:52  Stalker  
  96  6:56  Assimilator  
  96  6:57  Dark Templar  
  96  6:59  Pylon  
  94  7:01  Pylon  
  94  7:04  Immortal (Chrono Boost)  
  94  7:07  Pylon  
  96  7:09  Pylon  
  96  7:11  Pylon  
  96  7:17  Stalker x4  
  102  7:29  Pylon  
  98  7:31  Stalker x3  
  103  7:42  Adept x3  
  103  7:43  Dark Templar, Probe x2  
  103  7:44  Probe  
  107  7:54  Probe x2  
  107  7:56  Probe  
  107  7:57  Stalker x3  
  115  8:04  Probe x2  
  110  8:08  Probe  
  110  8:10  Disruptor (Chrono Boost)  
  110  8:12  Assimilator  
  112  8:15  Probe x2  
  112  8:17  Forge  
  114  8:20  Probe  
  114  8:25  Probe x2  
  115  8:32  Probe  
  118  8:36  Probe x2  
  118  8:39  Dark Templar x2  
  118  8:40  Dark Templar  
  126  8:44  Probe  
  126  8:47  Probe  
  128  8:49  Disruptor (Chrono Boost)  
  128  8:52  Pylon  
  131  8:57  Protoss Ground Weapons Level 1 (Chrono Boost)  
  131  9:02  Nexus  
  131  9:06  Adept x2  
  131  9:08  Probe  
  137  9:12  Probe  
  137  9:21  Robotics Facility  
  137  9:30  Probe, Disruptor  
  138  9:33  Probe  
  138  9:35  Pylon  
  138  9:38  Pylon  
  138  9:48  Stalker x7  
  138  9:49  Probe  
  138  9:50  Probe  
  138  9:51  Probe  
  155  10:00  Probe  
  155  10:02  Gateway  
  155  10:03  Gateway  
  155  10:04  Observer, Photon Cannon  
  157  10:09  Observer  
  158  10:18  Stalker x5  
  152  10:37  Disruptor (Chrono Boost)  
  152  10:40  Disruptor (Chrono Boost)  
  146  10:44  Protoss Ground Weapons Level 2 (Chrono Boost)  
  146  10:46  Stalker  
  146  10:47  Stalker x3  
  152  10:50  Nexus  
  152  10:53  Pylon  
  152  10:54  Stalker  
  152  10:55  Stalker  
  154  11:11  Photon Cannon  
  154  11:17  Disruptor (Chrono Boost)  
  157  11:19  Disruptor (Chrono Boost)  
  131  11:35  Stalker x4  
  131  11:36  Stalker  
  139  11:50  Disruptor (Chrono Boost)  
  134  11:56  Stalker x3  
  134  12:00  Assimilator  
  140  12:05  Assimilator  
  140  12:10  Disruptor (Chrono Boost)  
  143  12:16  Nexus, Stargate  
  143  12:17  Pylon  
  143  12:18  Pylon  
  143  12:22  Stalker x2  
  147  12:23  Pylon  
  151  12:31  Stalker x2, Immortal (Chrono Boost)  
  155  12:39  Photon Cannon  
  154  12:57  Stalker x6  
  123  12:59  Disruptor (Chrono Boost)  
  123  13:04  Stalker  
  124  13:06  Stalker  
  124  13:12  Disruptor (Chrono Boost)  
  129  13:18  Stalker  
  131  13:20  Stalker  
  131  13:21  Dark Templar  
  131  13:22  Zealot x4  
  131  13:26  Dark Templar  
  135  13:27  Zealot x3  
  135  13:33  Phoenix (Chrono Boost)  
  135  13:35  Protoss Ground Weapons Level 3, Charge (Chrono Boost)  
  135  13:53  Stargate  
  135  13:57  Nexus  
  135  13:58  Pylon, Phoenix (Chrono Boost)  
  135  14:01  Pylon  
  135  14:12  Disruptor  
  135  14:16  Disruptor  
  129  14:20  Stalker x3  
  129  14:23  Phoenix (Chrono Boost)  
  143  14:28  Pylon  
  143  14:30  Pylon x2  
  130  14:39  Zealot  
  130  14:40  Zealot x4  
  140  14:47  Phoenix (Chrono Boost)  
  134  15:01  Zealot x4  
  134  15:02  Zealot  
  136  15:08  Zealot  
  136  15:09  Zealot  
  135  15:18  Phoenix (Chrono Boost)  
  115  15:34  Zealot x5  
  115  15:43  Phoenix (Chrono Boost)  
  116  15:58  Zealot x4  
  123  16:06  Templar Archives  
  123  16:12  Phoenix (Chrono Boost)  
  123  16:15  Assimilator  
  113  16:31  Zealot x6  

Tags
 
Add a new tag
Caveats
  • Supply blocks, unpowered buildings, or Contaminate may cause inaccurate times.
  • Supply counts are checked every 10 seconds.